 Dungeon Crawl Stone Soup version 0.29.0-4-gdea44cf6ec (webtiles) character file.

Game seed: 12204364270800899712

45 qw the Chopper (level 3, -2/26 HPs)
             Began as a Barachi Chaos Knight on Sept 5, 2022.
             Slain by a yaktaur (shapeshifter) (8 damage)
             ... on level 2 of the Dungeon.
             The game lasted 00:00:42 (1564 turns).

qw the Chopper (Barachi Chaos Knight)               Turns: 1564, Time: 00:00:43

Health: -2/26      AC:  5    Str: 15    XL:     3   Next: 64%
Magic:  3/3        EV: 11    Int: 12    God:
Gold:   81         SH:  0    Dex: 11    Spells: 2/2 levels left

rFire   . . .      SeeInvis .   a - +0 hand axe (chaos)
rCold   + . .      Faith    .   (no shield)
rNeg    . . .      Spirit   .   b - +2 leather armour
rPois   .          Reflect  .   (no helmet)
rElec   .          Harm     .   (no cloak)
rCorr   .          Rampage  .   (no gloves)
Will    .....                   (no boots)
Stlth   +.........              (no amulet)
HPRegen 0.08/turn               (no ring)
MPRegen 0.08/turn               (no ring)

@: slow
A: amphibious, slowness 1, strong legs 1, +LOS, claws 1, cold resistance 1,
frail 1
a: Hop


You were on level 2 of the Dungeon.
You visited 1 branch of the dungeon, and saw 2 of its levels.

You collected 81 gold pieces.


Innate Abilities, Weirdness & Mutations

You are amphibious.
You cover ground slowly.
You can hop short distances.
You have an extended range of vision and can be seen from far away.
You have sharp fingernails.
Your flesh is cold resistant. (rC+)
You are frail. (-10% HP)


   Skills:
 - Level 3.6 Fighting
 + Level 5.0 Axes
 - Level 2.4 Armour
 - Level 1.1 Dodging


You had 2 spell levels left.
You didn't know any spells.
Your spell library was empty.

Inventory:

Hand Weapons
 a - a +0 hand axe of chaos (weapon)
 i - a +0 club
Armour
 b - a +2 leather armour (worn)
 l - a +0 ring mail
 m - a +0 tower shield
Jewellery
 e - a +4 ring of evasion
 n - an amulet of guardian spirit
Scrolls
 f - a scroll of fog {unknown}
 g - a scroll of amnesia {unknown}
 h - 2 scrolls of teleportation {unknown}
 j - a scroll of magic mapping {unknown}
Potions
 d - a potion of curing {unknown}
 k - a potion of cancellation {unknown}
Miscellaneous
 c - a piece from Xom's chessboard (15/15)

Dungeon Overview and Level Annotations

Branches:
Dungeon (2/15)

Altars:


Message History

Things that are here:
a +0 dagger; a kobold corpse You see here a +0 club.
You now have 73 gold pieces (gained 5).
h - 2 scrolls labelled JYTAUHI ARITS (gained 1)
You now have 81 gold pieces (gained 8).
As you open the large door, it creaks loudly!
You hear an angry hiss.
An adder comes into view.
The adder hisses angrily.
Enter note:
Enter note: You closely miss the adder.
The adder barely misses you. The adder closely misses you.
You closely miss the adder. The adder bites you.
You hit the adder. You freeze the adder.
The adder is moderately wounded.
The adder closely misses you.
You hit the adder.
The adder changes into a shapeshifter!
The shapeshifter is lightly wounded.
The shapeshifter changes into a yaktaur!
You hit the yaktaur.
The yaktaur is lightly wounded.
You slash the yaktaur!
The yaktaur is poisoned.
The yaktaur is moderately wounded.
The yaktaur hits you.
You barely miss the yaktaur.
The yaktaur is moderately wounded.
The yaktaur barely misses you.
You hit the yaktaur but do no damage.
The yaktaur is moderately wounded.
The yaktaur hits you! The yaktaur hits you.
You hit the yaktaur but do no damage.
The yaktaur seems to speed up.
The yaktaur is heavily wounded.
The yaktaur hits you.
You hit the yaktaur.
The yaktaur is heavily wounded.
The yaktaur barely misses you. The yaktaur hits you!
You die...

#........#.......#
#...###..#.......# ###.
#..#.?#..#.......# ...
#..#..#..#.......#
##...#..###...#.......#
....#....... #.......#
###..#...... #.).....#
..#..####'c####.......#
###
#.#....##.@...........#
...
#.#.#.....#...........#
..##
#.#.#..##.#############
#... #.........#
...#####....#####
....%..........#######
.#..####..............
.#..........).....<...
....###.#####.........


You could see a yaktaur shaped shifter (fast, very poisoned).

Vanquished Creatures
  3 bats (D:1)
  7 endoplasms (D:1)
  2 giant cockroaches (D:1)
  4 goblins
  4 hobgoblins
  4 jackals (D:1)
  A kobold (D:2)
  4 quokkas
  4 ball pythons
  3 frilled lizards (D:1)
  A rat (D:1)
37 creatures vanquished.

Notes
Turn   | Place    | Note
-------+----------+-------------------------------------------
     0 | D:1      | qw the Barachi Chaos Knight began the quest for the Orb.
     0 | D:1      | Reached XP level 1. HP: 18/18 MP: 1/1
     0 | D:1      | 0 ||| qw: Version: 0.1-a-104-g96f76f8
     0 | D:1      | 0 ||| qw: Game counter: 5817
     0 | D:1      | 0 ||| qw: Always use a shield: true
     0 | D:1      | 0 ||| qw: God list: Okawaru
     0 | D:1      | 0 ||| qw: Allow faded altars: false
     0 | D:1      | 0 ||| qw: Do Orc after D:15 true
     0 | D:1      | 0 ||| qw: Do second Lair branch before Depths: true
     0 | D:1      | 0 ||| qw: Lair rune preference: random
     0 | D:1      | 0 ||| qw: Plans: Normal
     0 | D:1      | 0 ||| PLANNING D:1-11
     0 | D:1      | Fell from the grace of Xom
    18 | D:1      | XOM: 1-stop teleportation journey
    20 | D:1      | 20 ||| Stepping ~*~*~tactically~*~*~ (stealth).
    32 | D:1      | HP: 3/18 [quokka (4)]
    33 | D:1      | HP: 1/18 [something (1)]
    35 | D:1      | Reached XP level 2. HP: 1/24 MP: 2/2
   378 | D:1      | Reached skill level 4 in Axes
   398 | D:1      | XOM: 6-stop teleportation journey
   481 | D:1      | 481 ||| Stepping ~*~*~tactically~*~*~ (stealth).
   510 | D:1      | 510 ||| Stepping ~*~*~tactically~*~*~ (stealth).
   578 | D:1      | 578 ||| Stepping ~*~*~tactically~*~*~ (stealth).
   602 | D:1      | Found a faded altar of an unknown god.
   694 | D:1      | XOM: give mutations
   694 | D:1      | Gained mutation: You are frail. (-10% HP) [Xom's mischief]
   694 | D:1      | Gained mutation: You have sharp fingernails. [Xom's
                  | mischief]
   694 | D:1      | Gained mutation: Your flesh is cold resistant. (rC+) [Xom's
                  | mischief]
   720 | D:1      | Reached XP level 3. HP: 26/26 MP: 3/3
  1142 | D:1      | 1142 ||| Stepping randomly (stuck).
  1186 | D:2      | 1186 ||| Stepping ~*~*~tactically~*~*~ (stealth).
  1187 | D:2      | 1187 ||| Stepping ~*~*~tactically~*~*~ (stealth).
  1254 | D:2      | XOM: 4-stop teleportation journey
  1275 | D:2      | 1275 ||| Stepping ~*~*~tactically~*~*~ (hiding).
  1377 | D:2      | 1377 ||| Stepping ~*~*~tactically~*~*~ (hiding).
  1378 | D:2      | 1378 ||| Stepping ~*~*~tactically~*~*~ (hiding).
  1426 | D:2      | 1426 ||| Stepping ~*~*~tactically~*~*~ (stealth).
  1429 | D:2      | 1429 ||| Stepping ~*~*~tactically~*~*~ (stealth).
  1430 | D:2      | 1430 ||| Stepping ~*~*~tactically~*~*~ (stealth).
  1443 | D:2      | Reached skill level 5 in Axes
  1558 | D:2      | Noticed a shapeshifter
  1558 | D:2      | an adder changed into a shapeshifter
  1558 | D:2      | Noticed a yaktaur
  1558 | D:2      | a shapeshifter changed into a yaktaur
  1563 | D:2      | HP: 6/26 [yaktaur (shapeshifter) (5)]
  1564 | D:2      | Slain by a yaktaur (shapeshifter)

Levels and vault maps discovered:
D:1:      co_arrival_square_in_a_square_in_a_square, layout_basic,
          dreamdust_ecumenical_altar_sealed_demon
D:2:      layout_basic, kennysheep_generic_room_7, uniq_crazy_yiuf_cottage

Skill      XL: |  1  2  3 |
---------------+----------+-----
Axes           | 4 5 |  5.0
Fighting       | |  3.6
Armour         | |  2.4
Dodging        | |  1.1

Action                   || total
-------------------------++-------
Melee: Hand axe          ||   121
Invok: Renounce Religion ||     1
 Stab: Petrifying        ||     1
Armor: Leather armour    ||    58
Dodge: Dodged            ||    75

Table legend:
 A = Non-vault XP
 B = Vault XP
 C = Vault XP percentage of total XP
 D = Non-vault monster count
 E = Vault monster count
 F = Vault count percentage of total count
                 A         B        C        D         E       F
            +---------+---------+-------+---------+---------+-------
      Total |      65 |       0 |   0.0 |      37 |       0 |   0.0
            +---------+---------+-------+---------+---------+-------
        D:1 |      51 |       0 |   0.0 |      29 |       0 |   0.0
        D:2 |      14 |       0 |   0.0 |       8 |       0 |   0.0
            +---------+---------+-------+---------+---------+-------
